Map: Pride of Altaris LE

Players

Boots - Winner!

  • Race: Zerg Zerg
  • League: Diamond
  • Spawn Location: 5:00

CharlyCox

  • Race: Zerg Zerg
  • League: Diamond
  • Spawn Location: 11:00

VOD

Have the link to the VOD?

Description

Time

  • Played on: May 31, 2022, 7:56 a.m.
  • Length: 4:17
Show
View Real Time Build Order
Export as new Build Order

Boots Zerg - Winner!

Build Orders: Hatch First 

Get SALT Encoding   

  12  0:00  Drone  
  13  0:12  Overlord  
  13  0:16  Drone  
  14  0:34  Drone x2  
  16  0:48  Hatchery  
  15  0:52  Drone  
  15  0:56  Drone  
  17  0:58  Drone  
  18  1:10  Extractor  
  17  1:14  Spawning Pool  
  17  1:17  Drone  
  17  1:20  Drone  
  18  1:29  Drone  
  19  1:39  Drone  
  20  1:50  Drone  
  21  2:00  Queen x2  
  25  2:02  Zergling x4  
  27  2:14  Overlord  
  27  2:20  Zergling x2  
  28  2:27  Spine Crawler  
  28  2:29  Metabolic Boost  
  27  2:37  Drone x4  
  31  2:46  Queen x2  
  31  2:49  Drone  
  36  2:55  Overlord  
  36  3:00  Overlord  
  36  3:22  Drone x2  
  36  3:23  Drone x5  
  43  3:42  Evolution Chamber  
  43  3:45  Evolution Chamber  
  43  3:47  Roach Warren  
  39  3:55  Zergling x8  
  42  3:56  Zergling x8  
Show
View Real Time Build Order
Export as new Build Order

CharlyCox Zerg 

Build Orders: Pool First 

Get SALT Encoding   

  12  0:17  Spawning Pool  
  11  0:29  Drone x2  
  13  0:37  Extractor  
  13  0:38  Overlord  
  12  1:01  Drone x2  
  14  1:05  Queen  
  16  1:34  Hatchery  
  15  1:43  Metabolic Boost  
  15  1:54  Drone  
  15  1:55  Drone  
  15  1:58  Drone  
  18  2:20  Zergling x6  
  18  2:21  Zergling x2  
  22  2:36  Overlord  
  22  2:50  Zergling x2  
  22  2:51  Zergling x4  
  25  3:00  Queen  
  25  3:03  Zergling x4  
  29  3:09  Zergling x4  
  31  3:21  Zergling x2  
  31  3:22  Zergling x8  
  36  3:33  Overlord x2  
  36  3:54  Zergling x2  
  36  3:55  Zergling x10  
Tags
 
Add a new tag
Caveats
  • Supply blocks, unpowered buildings, or Contaminate may cause inaccurate times.
  • Supply counts are checked every 10 seconds.